 Dungeon Crawl Stone Soup version 0.25-a0-1130-g3926558f3a (webtiles) character file.

Game seed: 3255664164836131578, levelgen mode: deterministic

158 vurker the Charlatan (level 5, -2/40 HPs)
             Began as a Human Artificer on May 19, 2020.
             Was an Initiate of the Shining One.
             Slain by an orc
             ... wielding a +0 hand axe
              (4 damage)
             ... on level 4 of the Dungeon.
             The game lasted 00:05:52 (3258 turns).

vurker the Charlatan (Human Artificer)              Turns: 3258, Time: 00:05:53

Health: -2/40      AC:  8    Str: 13    XL:     5   Next: 67%
Magic:  8/8        EV:  9    Int: 11    God:    the Shining One [......]
Gold:   137        SH:  0    Dex: 14    Spells: 4/4 levels left

rFire    . . .     SeeInvis .   c - +1 whip (holy)
rCold    . . .     Gourm    .   (no shield)
rNeg     . . .     Faith    .   l - +0 scale mail
rPois    +         Spirit   .   j - +2 hat
rElec    .         Reflect  .   (no cloak)
rCorr    .         Harm     .   (no gloves)
MR       .....                  (no boots)
Stlth    ..........             (no amulet)
HPRegen  0.13/turn              p - ring of flight
MPRegen  0.11/turn              x - ring of poison resistance

@: lethally poisoned (-2 -> -3), glowing
A: no striking features
a: Renounce Religion, Evoke Flight


You were on level 4 of the Dungeon.
You worshipped the Shining One.
The Shining One was noncommittal.
You were not hungry.

You visited 1 branch of the dungeon, and saw 4 of its levels.

You collected 137 gold pieces.

Inventory:

Hand Weapons
 c - a +1 whip of holy wrath (weapon)
   (You took it off a kobold on level 1 of the Dungeon)
 y - a +2 short sword of flaming
   (You found it on level 1 of the Dungeon)
Armour
 j - a +2 hat (worn)
   (You found it on level 1 of the Dungeon)
 k - +0 fire dragon scales
   (You found it on level 1 of the Dungeon)
 l - a +0 scale mail (worn)
   (You found it on level 1 of the Dungeon)
Jewellery
 p - a ring of flight (left hand)
   (You found it on level 2 of the Dungeon)
 x - a ring of poison resistance (right hand)
   (You found it on level 3 of the Dungeon)
Wands
 d - a wand of enslavement (15)
 f - a wand of random effects (7)
 t - a wand of flame (35)
Scrolls
 a - a scroll of remove curse {unknown}
 i - a scroll of enchant weapon {unknown}
 n - a scroll of magic mapping {unknown}
 q - a scroll of fear {unknown}
 r - a scroll of fog {unknown}
 s - a scroll of teleportation {unknown}
Potions
 g - a potion of heal wounds
 m - a potion of might {unknown}
 o - 2 potions of curing
 u - 2 potions of mutation
 v - a potion of magic
 w - 2 potions of haste
 A - a potion of lignification {unknown}
Comestibles
 b - 2 chunks of flesh
 e - 6 rations


   Skills:
 + Level 2.8 Fighting
 - Level 1.0 Short Blades
 + Level 2.5 Armour
 - Level 2.0 Dodging
 - Level 1.0 Stealth
 + Level 1.0 Invocations
 + Level 4.1 Evocations


You had 4 spell levels left.
You didn't know any spells.
Your spell library was empty.

Dungeon Overview and Level Annotations

Branches:
Dungeon (4/15)
 Temple: D:4-7

Altars:
Wu Jian
The Shining One


Message History

c - a +1 whip of holy wrath (weapon)
You hit the worker ant. The worker ant barely misses you.
The worker ant misses you.
You hit the worker ant but do no damage.
The worker ant bites you but does no damage.
You hit the worker ant but do no damage.
The worker ant misses you.
You closely miss the worker ant. The worker ant barely misses you.
The worker ant bites you but does no damage.
You hit the worker ant.
The worker ant bites you but does no damage.
You closely miss the worker ant. The worker ant barely misses you.
You hit the worker ant but do no damage.
The worker ant bites you but does no damage.
The worker ant closely misses you.
You hit the worker ant but do no damage.
The worker ant barely misses you.
You hit the worker ant. The worker ant bites you.
* * * LOW HITPOINT WARNING * * *
You closely miss the worker ant. The worker ant barely misses you.
The worker ant bites you but does no damage.
You hit the worker ant but do no damage.
The worker ant closely misses you.
You closely miss the worker ant. The worker ant barely misses you.
You hit the worker ant but do no damage.
The worker ant bites you but does no damage.
The worker ant bites you.
* * * LOW HITPOINT WARNING * * *
You closely miss the worker ant. The worker ant barely misses you.
You hit the worker ant but do no damage.
The worker ant bites you but does no damage.
You hit the worker ant. The worker ant barely misses you.
The worker ant bites you.
* * * LOW HITPOINT WARNING * * *
You are poisoned.
The worker ant poisons you!
Aim: a worker ant (almost dead)
The puff of flame hits the worker ant.
You kill the worker ant!
Your Invocations skill increases to level 1!
You feel sick.
You see here a worker ant corpse.
You butcher the worker ant corpse.
You feel sick.
b - 2 chunks of flesh You feel sick.
The orc shouts!
The orc hits you with a +0 hand axe.
* * * LOW HITPOINT WARNING * * *
You barely miss the orc. The orc hits you with a +0 hand axe.
You die...

...#.####
........##
.........##
$.........#
..........#
..........# ## #
.......<.# .#.##
..=#.....###....#
#...#...@..#
.$......###o..#
......##.. .#.#
...... #.........
......
##......###
...... #....#.#
#......# #.......
#....#


You could see an orc.

Vanquished Creatures
  Jessica (D:2)
  A worker ant (D:4)
  3 adders
  2 oozes (D:2)
  3 worms
  A dart slug (D:1)
  A leopard gecko (D:2)
  An orc (D:3)
  A giant cockroach (D:1)
  7 goblins
  10 hobgoblins
  4 jackals (D:4)
  A ball python (D:3)
  5 bats
  5 frilled lizards
  6 kobolds
  8 rats
60 creatures vanquished.

Notes
Turn   | Place    | Note
-------+----------+-------------------------------------------
     0 | D:1      | vurker the Human Artificer began the quest for the Orb.
     0 | D:1      | Reached XP level 1. HP: 15/15 MP: 3/3
    22 | D:1      | Reached XP level 2. HP: 21/21 MP: 4/4
   199 | D:1      | Reached skill level 1 in Armour
   615 | D:2      | Reached XP level 3. HP: 26/27 MP: 5/5
  1378 | D:2      | Reached XP level 4. HP: 24/33 MP: 6/6
  1685 | D:2      | Noticed Jessica
  1693 | D:2      | Killed Jessica
  1693 | D:2      | Reached XP level 5. HP: 39/39 MP: 7/7
  1911 | D:2      | Found a glowing golden altar of the Shining One.
  2043 | D:2      | Became a worshipper of the Shining One
  2415 | D:3      | Reached skill level 4 in Evocations
  2913 | D:3      | Found an ornate altar of the Wu Jian Council.
  3132 | D:4      | Noticed an ogre
  3252 | D:4      | Reached skill level 1 in Invocations
  3257 | D:4      | HP: 2/40 [orc/+0 hand axe (6)]
  3258 | D:4      | Slain by an orc

Illustrated notes

Levels and vault maps discovered:
D:1:      lightli_molten_gateway, layout_rooms
D:2:      layout_loops_ring, solitary_fountain, minmay_statues_item, tso_altar,
          uniq_jessica
D:3:      layout_loops_ring, old_standard_altar, first_ration,
          supply_closet_lemuel
D:4:      layout_rooms, minmay_temple_entry_drinking_statues

Skill      XL: |  1  2  3  4  5 |
---------------+----------------+-----
Armour         | 1 2 |  2.5
Fighting       | 2 |  2.8
Evocations     | 4 |  4.1
Invocations    | 1 |  1.0
Short Blades   | |  1.0
Dodging        | |  2.0
Stealth        | |  1.0

Action                   |  1- 3 |  4- 6 || total
-------------------------+-------+-------++-------
Melee: Short sword       |    28 |    61 ||    89
       Whip              |   101 |    75 ||   176
Evoke: Wand              |     2 |     9 ||    11
  Use: Scroll            |       |     6 ||     6
  Eat: Chunk             |     2 |     6 ||     8
Armor: Leather armour    |     6 |       ||     6
       Scale mail        |    51 |    59 ||   110
Dodge: Dodged            |    75 |    74 ||   149

Table legend:
 A = Non-vault XP
 B = Vault XP
 C = Vault XP percentage of total XP
 D = Non-vault monster count
 E = Vault monster count
 F = Vault count percentage of total count
                 A         B        C        D         E       F
            +---------+---------+-------+---------+---------+-------
      Total |     190 |      37 |  16.3 |      59 |       1 |   1.7
            +---------+---------+-------+---------+---------+-------
        D:1 |      27 |       0 |   0.0 |      17 |       0 |   0.0
        D:2 |      86 |      37 |  30.1 |      27 |       1 |   3.6
        D:3 |      33 |       0 |   0.0 |      10 |       0 |   0.0
        D:4 |      44 |       0 |   0.0 |       5 |       0 |   0.0
            +---------+---------+-------+---------+---------+-------
